 Dungeon Crawl Stone Soup version 0.31.0 (webtiles) character file.

Game seed: 4382842114026350454

17959 jehirs the Severer (level 12, -4/113 HPs)
             Began as a Minotaur Berserker on Jan 19, 2024.
             Was a High Priest of Trog.
             Slain by a red ugly thing (18 damage)
             ... on level 14 of the Dungeon.
             The game lasted 00:38:25 (8867 turns).

jehirs the Severer (Minotaur Berserker)             Turns: 8867, Time: 00:38:27

Health: -4/113     AC: 18    Str: 27    XL:     12   Next: 23%
Magic:  11/11      EV:  6    Int:  4    God:    Trog [*****.]
Gold:   460        SH: 20    Dex: 10    Spells: 11/11 levels left

rFire   . . .        g - +0 broad axe (protect)
rCold   + . .        C - +2 tower shield {reflect}
rNeg    . . .        c - +0 plate armour
rPois   +            (helmet restricted)
rElec   .            (no cloak)
rCorr   .            I - +0 pair of gloves
SInv    +            k - +0 pair of boots
Will    ++...        N - amulet "Ipseh" {Reflect -Cast Rampage Regen+ SH+5 SInv} Stlth
                     h - ring of poison resistance
HPRegen 2.18/turn    w - ring of protection from cold
MPRegen 0.12/turn

%: no spellcasting, reflection, rampage
@: strong-willed, on berserk cooldown, regenerating, slowed, very slow
A: horns 2, retaliatory headbutt
a: Renounce Religion, Berserk, Trog's Hand, Brothers in Arms


You were on level 14 of the Dungeon.
You worshipped Trog.
Trog was extremely pleased with you.
You visited 1 branch of the dungeon, and saw 14 of its levels.

You collected 767 gold pieces.
You spent 307 gold pieces at shops.

Inventory:

Hand Weapons
 a - a +0 vampiric hand axe
 g - a +0 broad axe of protection (weapon)
 x - a +6 war axe
 z - a +0 battleaxe
Missiles
 G - 3 throwing nets (quivered)
Armour
 b - a +0 animal skin
 c - a +0 plate armour (worn)
 k - a +0 pair of boots (worn)
 C - a +2 tower shield of reflection (worn)
 I - a +0 pair of gloves (worn)
Jewellery
 h - a ring of poison resistance (left hand)
 i - a ring of fire
 m - an amulet of regeneration
 t - a ring of protection from cold
 v - a ring of positive energy
 w - a ring of protection from cold (right hand)
 D - a +6 ring of dexterity
 E - a ring of see invisible
 H - a +6 ring of intelligence
 L - a ring of fire
 N - the amulet "Ipseh" (around neck) {Reflect -Cast Rampage Regen+ SH+5 SInv}
   (You acquired it on level 13 of the Dungeon)

   [amulet of reflection]

   Reflect:   It reflects blocked missile attacks.
   SInv:      It lets you see invisible.
   -Cast:     It prevents spellcasting.
   Regen+:    It increases your rate of health regeneration.
   SH+5:      It affects your SH (+5).
   Rampage:   It bestows one free step when moving towards enemies.
Talismans
 J - a blade talisman
 O - a granite talisman
Wands
 j - a wand of flame (3)
 B - a wand of digging (7)
Scrolls
 e - 7 scrolls of teleportation
 n - a scroll of fog
 p - 6 scrolls of enchant armour
 s - 2 scrolls of vulnerability
 y - 4 scrolls of enchant weapon
 A - a scroll of summoning
 F - 2 scrolls of fear
 M - a scroll of torment
 P - a scroll of blinking
Potions
 d - 10 potions of curing
 f - a potion of might
 l - a potion of brilliance
 o - 4 potions of heal wounds
 q - 3 potions of attraction
 r - 3 potions of mutation
 u - 4 potions of resistance
 K - a potion of magic {unknown}


   Skills:
 + Level 12.7 Fighting
 + Level 15.7 Axes
 - Level 0.7(10.2) Maces & Flails
 + Level 12.3 Armour
 - Level 2.1 Dodging
 + Level 7.2 Shields


You had 11 spell levels left.
You didn't know any spells.
Your spell library was empty.

Dungeon Overview and Level Annotations

Branches:
Dungeon (14/15)            Temple (0/1) D:5             Orc (0/2) D:9
   Lair: D:8-11      Vaults: D:13-14

Altars:
Cheibriados
Elyvilon
Fedhas
Gozag
Makhleb
Nemelex Xobeh
Trog
Yredelemnul
Zin
The Shining One

Shops:
D:3 ?   D:4 *[   D:6 [   D:10 *   D:13 *

Annotations:
D:10 exclusions: door and 5 more exclusions
D:14 Jorgrun


Innate Abilities, Weirdness & Mutations

You have a pair of horns on your head.
You reflexively headbutt those who attack you in melee.


Message History

The red ugly thing is almost dead.
You barely miss Jorgrun. You slash the red ugly thing!
You block Jorgrun's attack.
You barely miss the red ugly thing. You headbutt the red ugly thing!
You kill the red ugly thing!
Trog accepts your kill.
You closely miss Jorgrun. You barely miss the red ugly thing.
You block the red ugly thing's attack.
You closely miss the red ugly thing. You headbutt the red ugly thing!
The red ugly thing is severely wounded.
You barely miss Jorgrun. Jorgrun hits you but does no damage.
The red ugly thing bites you but does no damage.
You slash the red ugly thing!
The red ugly thing is severely wounded.
You slash Jorgrun! Jorgrun hits you but does no damage.
The ground beneath you fractures!
You slash the red ugly thing!
The red ugly thing is almost dead.
You miss Jorgrun. The red ugly thing bites you.
You are engulfed in flames!!
You barely miss the red ugly thing.
The red ugly thing is almost dead.
You barely miss Jorgrun.
Jorgrun points at you and mumbles some strange words.
The iron shot hits you!! You block the red ugly thing's attack.
You are too injured to fight recklessly!
You block Jorgrun's attack.
You feel a strong urge to attack something.
You are no longer berserk.
You are exhausted.
You feel yourself slow down. You block the red ugly thing's attack.
You block Jorgrun's attack. You block the red ugly thing's attack.
You block Jorgrun's attack. The red ugly thing bites you.
You are engulfed in flames!!
* * * LOW HITPOINT WARNING * * *
Jorgrun hits you with a staff of earth!
* * * LOW HITPOINT WARNING * * *
The red ugly thing bites you!
* * * LOW HITPOINT WARNING * * *
You are engulfed in flames!!
You die...

#...........#
.#######............
....................
....................
#####...######......
#...# ...... #...#
#...... .
#...#####g......
..#####.......@†......
..............?u......
......................
........^^............
..####)..#.....#######
#))).#....#
#...##....#
#...##....#
#...##....#


You could see Jorgrun and a red ugly thing.

Vanquished Creatures
  Harold (D:10)
  A boulder beetle (D:11)
  5 centaur warriors
  A two-headed ogre (D:11)
  Amaemon (D:7)
  A deep elf pyromancer (D:13)
  4 ugly things
  2 cyclopes
  An orange demon (D:8)
  2 gargoyles
  A komodo dragon (D:11)
  An efreet (D:13)
  3 trolls
  A slime creature (D:12)
  A shadow (D:9)
  A wraith (D:10)
  4 water elementals (D:11)
  9 yaks
  A wyvern (D:9)
  4 vampire mosquitoes (D:10)
  Menkaure (D:7)
  An acid dragon (D:8)
  2 water moccasins
  2 ice beasts
  An ogre (D:4)
  6 orc warriors
  A black bear (D:7)
  10 centaurs
  2 wolves (D:10)
  A phantom (D:6)
  A kobold brigand (D:7)
  5 bullfrogs
  3 scorpions
  8 wights
  4 howler monkeys (D:9)
  A crimson imp (D:6)
  A quasit (D:4)
  11 orc priests
  5 hounds
  2 jellies (D:5)
  A gnoll bouda (D:7)
  2 sleepcaps
  Ijyb (D:2)
  6 orc wizards
  3 iguanas
  13 gnolls
  9 adders
  4 shadow imps
  7 white imps
  4 ufetubi (D:4)
  A dart slug (D:3)
  3 ribbon worms
  45 orcs
  7 endoplasms
  3 giant cockroaches
  10 goblins
  2 hobgoblins
  2 jackals (D:2)
  6 quokkas
  4 ball pythons
  7 bats
  4 frilled lizards
  12 kobolds
  10 rats
279 creatures vanquished.

Notes
Turn   | Place    | Note
-------+----------+-------------------------------------------
     0 | D:1      | jehirs the Minotaur Berserker began the quest for the Orb.
     0 | D:1      | Reached XP level 1. HP: 19/19 MP: 0/0
   277 | D:1      | Reached XP level 2. HP: 27/27 MP: 1/1
   449 | D:2      | Reached skill level 4 in Axes
   529 | D:2      | Reached XP level 3. HP: 33/33 MP: 2/2
   539 | D:2      | Reached XP level 4. HP: 24/41 MP: 3/3
   615 | D:2      | Noticed Ijyb
   631 | D:2      | Killed Ijyb
   632 | D:2      | Reached skill level 5 in Axes
   931 | D:2      | Reached ** piety under Trog
   939 | D:2      | Found a bloodstained altar of Trog.
  1639 | D:4      | Noticed a scorpion
  1661 | D:4      | Reached XP level 5. HP: 47/47 MP: 4/4
  1974 | D:3      | Found Ujes's Magic Scroll Shoppe.
  1983 | D:3      | Bought a scroll of enchant armour for 105 gold pieces
  2304 | D:3      | Reached skill level 5 in Fighting
  2327 | D:4      | Reached skill level 6 in Axes
  2343 | D:4      | Reached XP level 6. HP: 36/56 MP: 5/5
  2455 | D:4      | Reached *** piety under Trog
  2541 | D:4      | Found Use Hukk's Fire Supplies.
  2628 | D:4      | Found Waot's Antique Armour Emporium.
  2771 | D:4      | Reached skill level 7 in Axes
  2781 | D:4      | Reached XP level 7. HP: 43/62 MP: 6/6
  2920 | D:4      | Reached skill level 5 in Armour
  2928 | D:5      | Entered Level 5 of the Dungeon
  2991 | D:5      | Found a staircase to the Ecumenical Temple.
  3077 | D:5      | Reached **** piety under Trog
  3166 | D:5      | Reached skill level 8 in Axes
  3252 | D:5      | Found a glowing silver altar of Zin.
  3255 | D:5      | Found a white marble altar of Elyvilon.
  3257 | D:5      | Found a glowing golden altar of the Shining One.
  3462 | D:6      | Reached XP level 8. HP: 69/71 MP: 7/7
  3693 | D:6      | Found Wada's Dragon-Slaying Spoils.
  3896 | D:6      | Reached skill level 9 in Axes
  4572 | D:7      | Reached skill level 10 in Axes
  4614 | D:7      | Noticed Menkaure
  4620 | D:7      | Killed Menkaure
  4837 | D:7      | Reached XP level 9. HP: 49/81 MP: 8/8
  4899 | D:8      | Noticed Amaemon
  4899 | D:8      | Noticed an orange demon
  4916 | D:7      | Killed Amaemon
  4917 | D:7      | Reached skill level 11 in Axes
  4966 | D:8      | Killed an orange demon
  5016 | D:8      | Reached skill level 12 in Axes
  5154 | D:8      | Identified the +1 ring mail of the Burning God {^Contam
                  | +Inv Fly rF-}
  5188 | D:8      | Found a sparkling altar of Nemelex Xobeh.
  5193 | D:8      | Found a basalt altar of Yredelemnul.
  5195 | D:8      | Found a blossoming altar of Fedhas.
  5195 | D:8      | Found a snail-covered altar of Cheibriados.
  5195 | D:8      | Found an opulent altar of Gozag.
  5255 | D:8      | Reached XP level 10. HP: 64/91 MP: 9/9
  5502 | D:9      | Identified the +0 robe of Nauguym {Dex+2}
  5680 | D:9      | Found a staircase to the Orcish Mines.
  5683 | D:9      | Reached ***** piety under Trog
  5691 | D:9      | Reached skill level 13 in Axes
  5812 | D:9      | Reached skill level 10 in Fighting
  6127 | D:10     | Entered Level 10 of the Dungeon
  6248 | D:11     | Noticed Harold
  6248 | D:11     | Noticed a cyclops
  6254 | D:11     | Noticed a boulder beetle
  6267 | D:11     | Killed a boulder beetle
  6268 | D:11     | Reached skill level 14 in Axes
  6268 | D:11     | Reached skill level 10 in Armour
  6340 | D:10     | Found Ifiro's Assorted Antiques.
  6354 | D:10     | Bought a runed tower shield for 202 gold pieces
  6372 | D:10     | Reached skill level 1 in Shields
  6673 | D:10     | Noticed a gargoyle
  6682 | D:10     | Killed a gargoyle
  6682 | D:10     | Received a gift from Trog
  6698 | D:10     | Noticed a cyclops
  6716 | D:10     | Killed a cyclops
  6717 | D:10     | Reached XP level 11. HP: 78/101 MP: 10/10
  6778 | D:10     | Found a burning altar of Makhleb.
  6778 | D:10     | Noticed a cacodemon
  7146 | D:10     | Killed Harold
  7271 | D:11     | Noticed a brown ugly thing
  7291 | D:11     | Killed a brown ugly thing
  7824 | D:12     | Noticed a two-headed ogre
  7824 | D:12     | Noticed a deep elf pyromancer
  7836 | D:11     | Killed a two-headed ogre
  7837 | D:11     | Reached skill level 15 in Axes
  7837 | D:11     | Reached skill level 5 in Shields
  7852 | D:12     | Noticed an eight-headed hydra
  7959 | D:12     | Noticed a red ugly thing
  7970 | D:12     | Killed a red ugly thing
  8057 | D:12     | Noticed a deep elf pyromancer
  8110 | D:13     | Noticed a centaur warrior
  8121 | D:13     | Killed a centaur warrior
  8210 | D:13     | Found Ywukhe's General Store.
  8360 | D:13     | Noticed a centaur warrior
  8361 | D:13     | Noticed a centaur warrior
  8372 | D:13     | Killed a centaur warrior
  8380 | D:13     | Killed a centaur warrior
  8435 | D:13     | Noticed a deep elf pyromancer
  8445 | D:13     | Killed a deep elf pyromancer
  8446 | D:13     | Reached XP level 12. HP: 113/113 MP: 11/11
  8458 | D:13     | Noticed a centaur warrior
  8465 | D:13     | Killed a centaur warrior
  8732 | D:13     | Identified a scroll of acquirement
  8732 | D:13     | Acquired the amulet "Ipseh" {Reflect -Cast Rampage Regen+
                  | SH+5 SInv}
  8808 | D:14     | Noticed a centaur warrior
  8823 | D:14     | Killed a centaur warrior
  8843 | D:14     | Noticed Jorgrun
  8867 | D:14     | Slain by a red ugly thing

Illustrated notes

Levels and vault maps discovered:
D:1:      onia_arrival_pyramid, layout_loops_cross
D:2:      kennysheep_the_goblin_king, layout_basic, basic_altar
D:3:      layout_loops_ring, serial_shops, nicolae_shop_crystal,
          kennysheep_big_empty_room
D:4:      layout_rooms, serial_demonic, serial_demonic_c, serial_demonic_e,
          serial_demonic_a, serial_demonic_f, serial_shops,
          kennysheep_little_box, nicolae_shop_fire_sale [nicolae_sub_dead_trees]
D:5:      layout_rooms, good_gods_temple_1, minmay_temple_entry_grid
D:6:      layout_rooms, serial_rivers, chequers_serial_rivers_micro_a,
          chequers_serial_rivers_small_3, chequers_serial_rivers_large_a,
          chequers_serial_rivers_large_b, chequers_serial_rivers_small_3,
          nicolae_shop_dragon_depot, minmay_fire_ice_demons
D:7:      layout_basic, uniq_menkaure
D:8:      layout_rooms, minitemple, uniq_amaemon
D:9:      layout_rooms, david_orc_5
D:10:     layout_roguey, makhleb_altar_promises_db, erik_lair_island,
          serial_shops, shop
D:11:     layout_roguey, nicolae_underground_beach, uniq_harold
D:12:     minmay_skewed_foursquare, layout_rooms
D:13:     layout_cave_pools, serial_shops, nicolae_stop_n_shop_2,
          kennysheep_potato
D:14:     layout_small_grid, erik_vaults_2, nicolae_dithmenos_the_darkroom,
          uniq_rupert, uniq_jorgrun, uniq_azrael, uniq_agnes

Skill      XL: |  1  2  3  4  5  6  7  8  9 10 11 12 |
---------------+-------------------------------------+-----
Fighting       | 4 5 6 8 9 10 12 | 12.7
Axes           | 4 5 6 7 8 10 12 14 15 | 15.7
Armour         | 3 4 5 7 8 10 12 | 12.3
Shields        | 2 6 7 |  7.2
Maces & Flails | |  0.7
Dodging        | |  2.1

Action                     |  1- 3 |  4- 6 |  7- 9 | 10-12 || total
---------------------------+-------+-------+-------+-------++-------
  Melee: Hand axe          |    54 |   124 |       |       ||   178
         Headbutt          |     5 |    25 |    31 |    77 ||   138
         Broad axe         |       |    83 |    41 |   224 ||   348
         War axe           |       |       |   159 |     5 ||   164
         Punch             |       |       |     2 |       ||     2
         Battleaxe         |       |       |       |   121 ||   121
 Invoke: Berserk           |     1 |     1 |     2 |     2 ||     6
         Trog's Hand       |       |     1 |     3 |     2 ||     6
    Use: Scroll            |       |     9 |     8 |     4 ||    21
         Potion            |       |     2 |     1 |       ||     3
   Stab: Sleeping          |     1 |       |       |       ||     1
 Armour: Animal skin       |    11 |       |       |       ||    11
         Plate armour      |    33 |   243 |   201 |   341 ||   818
  Dodge: Dodged            |    20 |    98 |    84 |    93 ||   295
  Block: Tower shield      |       |       |       |   262 ||   262
         Reflection        |       |       |       |    44 ||    44
